 Dungeon Sprint DCSS version 0.21-a0-264-g3e31e41 (webtiles) character file.

130 Kidiri the Sneak (level 4, -2/23 HPs)
             Began as a Spriggan Enchanter on Sept 8, 2017.
             Slain by a white imp (4 damage)
             ... summoned by a neqoxec
             ... in the Dungeon (Sprint II: "The Violet Keep of Menkaure").
             The game lasted 00:00:24 (21 turns).

Kidiri the Sneak (Spriggan Enchanter)                 Turns: 21, Time: 00:00:24

Health: -2/23      AC:  2    Str:  4      XL:     4   Next: 90%
Magic:  6/12       EV: 22    Int: 15 (16) God:
Gold:   0          SH:  0    Dex: 16 (17) Spells: 13/14 levels left

rFire    . . .     SeeInvis +   a - +1 dagger
rCold    . . .     Gourm    .   (shield restricted)
rNeg     . . .     Faith    .   b - +0 robe
rPois    .         Spirit   .   (helmet restricted)
rElec    .         Reflect  .   (no cloak)
rCorr    .         Harm     .   (gloves unavailable)
MR       .....     NoTele   +   (boots unavailable)
Stlth    ++++......             (no amulet)
HPRegen  0.07/turn              (no ring)
MPRegen  0.13/turn              (no ring)

@: berserk cooldown, slowed, quick
A: unfitting armour, see invisible, deterioration 2, herbivore 3, speed 3, slow
metabolism 2
a: no special abilities


You were in the Dungeon.
You were not hungry.

You visited 1 branch

Inventory:

Hand Weapons
 a - a +1 dagger (weapon)
Armour
 b - a +0 robe (worn)
Scrolls
 j - a scroll of blinking
Potions
 e - a potion of curing
 f - a potion of heal wounds
 g - a potion of haste
 h - 2 potions of magic
Books
 c - a book of Maledictions

   Spells                             Type                      Level
   a - Corona                         Hexes                        1
   b - Ensorcelled Hibernation        Hexes/Ice                    2
   c - Confuse                        Hexes                        3
   d - Tukima's Dance                 Hexes                        3
   e - Dazzling Spray                 Conjuration/Hexes            3
Comestibles
 d - a bread ration


   Skills:
 + Level 2.0 Fighting
 * Level 4.5 Short Blades
 + Level 1.9 Armour
 * Level 6.6 Dodging
 * Level 7.8 Stealth
 * Level 5.6 Spellcasting
 + Level 5.0 Hexes


You had 13 spell levels left.
You knew the following spells:

 Your Spells              Type           Power        Failure   Level  Hunger
a - Corona                Hex            ###....      1%          1    None


Dungeon Overview and Level Annotations

Branches:
Dungeon (1/1)

Altars:


Innate Abilities, Weirdness & Mutations

You are very small and have problems with some larger weapons.
You are too small for most types of armour.
You have supernaturally acute eyesight. (SInv)
You are a herbivore.
You cover ground extremely quickly.
You need consume almost no food.
Your body often deteriorates upon taking damage.


Message History

Something feeds on your intellect!
You hit the neqoxec but do no damage.
The neqoxec is almost dead.
You closely miss the neqoxec.
The neqoxec is almost dead.
You are no longer berserk.
You are exhausted.
You feel yourself slow down. The neqoxec hits you!
Ouch! That really hurt!
* * * LOW HITPOINT WARNING * * *
The white imp misses you.
You hit the neqoxec but do no damage.
The neqoxec is almost dead.
The neqoxec gestures at you.
Something tries to feed on your intellect!
The white imp hits you.
* * * LOW HITPOINT WARNING * * *
Your body deteriorates!
You feel clumsy. The white imp freezes you.
You die... ### ## 55##5 335

#3#
##@##
+.<5+
##.##
#+#


You could see 3 neqoxecs, a quasit, 3 white imps and a shadow imp.

Vanquished Creatures
  A neqoxec (D)
1 creature vanquished.

Notes
Turn   | Place    | Note
-------+----------+-------------------------------------------
     0 | D        | Kidiri the Spriggan Enchanter began the quest for the Orb.
     0 | D        | Reached XP level 1. HP: 9/9 MP: 5/5
     1 | D        | Noticed a neqoxec
     1 | D        | Noticed a neqoxec
     1 | D        | Noticed a neqoxec
     1 | D        | Noticed a neqoxec
    10 | D        | Killed a neqoxec
    10 | D        | Reached skill level 1 in Armour
    10 | D        | Reached skill level 7 in Stealth
    10 | D        | Reached skill level 5 in Spellcasting
    10 | D        | Reached skill level 5 in Hexes
    10 | D        | Reached XP level 2. HP: 15/15 MP: 5/9
    10 | D        | Reached XP level 3. HP: 18/18 MP: 6/11
    10 | D        | Reached XP level 4. HP: 23/23 MP: 6/12
    15 | D        | Gained mutation: Your body sometimes deteriorates upon taking damage. [a neqoxec]
    16 | D        | Gained mutation: Your body often deteriorates upon taking damage. [a neqoxec]
    21 | D        | Slain by a white imp

Vault maps used:
D:        the_violet_keep_of_menkaure

Skill      XL: |  1 |
---------------+----+-----
Fighting       | 2 |  2.0
Short Blades   | 4 |  4.5
Armour         | 1 |  1.9
Dodging        | 6 |  6.6
Stealth        | 7 |  7.8
Spellcasting   | 5 |  5.6
Hexes          | 5 |  5.0

Action                   |  1- 3 |  4- 6 || total
-------------------------+-------+-------++-------
Melee: Dagger            |     8 |    11 ||    19
  Use: Potion            |     1 |       ||     1
Dodge: Dodged            |     2 |     5 ||     7

Table legend:
 A = Spawn XP
 B = Non-spawn XP
 C = Spawn XP percentage of total XP
 D = Spawn monster count
 E = Non-spawn monster count
 F = Spawn count percentage of total count
 G = Total turns spent on level
                    A         B        C        D         E        F      G
               +---------+---------+-------+---------+---------+-------+---------
         Total |       0 |     187 |   0.0 |       0 |       1 |   0.0 |    21
               +---------+---------+-------+---------+---------+-------+---------
             D |       0 |     187 |   0.0 |       0 |       1 |   0.0 |    21
               +---------+---------+-------+---------+---------+-------+---------
